 Dungeon Crawl Stone Soup version 0.23-a0-577-g2b1de94 (webtiles) character file.

399 Lanoc the Ducker (level 6, -12/30 HPs)
             Began as a Felid Monk on Dec 14, 2018.
             Mangled by Menkaure (17 damage)
             ... on level 7 of the Dungeon.
             The game lasted 00:18:53 (5534 turns).

Lanoc the Ducker (Felid Monk)                       Turns: 5534, Time: 00:18:54

Health: -12/30     AC:  5    Str:  9    XL:     6   Next: 53%
Magic:  16/16      EV: 24    Int: 11    God:
Gold:   212        SH:  0    Dex: 19    Spells: 5/5 levels left
                                        Lives:  0   Deaths: 2

rFire    . . .     SeeInvis +     - Unarmed
rCold    . . .     Gourm    .   (shield unavailable)
rNeg     . . .     Faith    .   (armour unavailable)
rPois    .         Spirit   .   (helmet unavailable)
rElec    .         Reflect  .   (cloak unavailable)
rCorr    .         Harm     .   (gloves unavailable)
MR       .....                  (boots unavailable)
Stlth    ++++......             h - amulet of the acrobat
HPRegen  0.10/turn              f - ring of magical power
MPRegen  0.15/turn              g - +3 ring of protection

@: quick
A: very small, no armour, no weapons or thrown items, stealth, claws 1, fangs 3,
see invisible, carnivore, speed 1, shaggy fur 2, slow metabolism 1, sharp paws
a: no special abilities


You were on level 7 of the Dungeon.
You were not hungry.

You visited 1 branch of the dungeon, and saw 7 of its levels.

You collected 212 gold pieces.

Inventory:

Jewellery
 e - an uncursed ring of flight
 f - a ring of magical power (left paw)
 g - a +3 ring of protection (right paw)
 h - an amulet of the acrobat (around neck)
 q - an uncursed ring of ice
Scrolls
 b - a scroll of amnesia {unknown}
 c - 2 scrolls of fog {unknown}
 d - a scroll of enchant weapon {unknown}
 j - 3 scrolls of identify {unknown}
 k - a scroll of noise {unknown}
 l - 4 scrolls of remove curse {unknown}
 m - 2 scrolls of teleportation {unknown}
 n - a scroll of immolation {unknown}
 r - a scroll of fear {unknown}
Potions
 i - a potion of curing
Comestibles
 a - 9 rations


   Skills:
 + Level 5.5 Fighting
 + Level 7.4 Dodging
 + Level 7.2 Stealth
 + Level 5.5 Unarmed Combat


You had 5 spell levels left.
You didn't know any spells.
Your spell library was empty.

Dungeon Overview and Level Annotations

Branches:
Dungeon (7/15)
 Temple: D:4-7

Altars:
Ashenzari
Gozag
Makhleb
Okawaru
Qazlal
Sif Muna
Uskayaw
Vehumet
Wu Jian
Xom
The Shining One

Shops:
D:5 %

Annotations:
D:7 Harold, Menkaure


Innate Abilities, Weirdness & Mutations

You cannot wear armour.
You are incapable of wielding weapons or throwing items.
Your paws allow you to move quietly. (Stealth)
You have sharp claws.
You have razor-sharp teeth.
You have supernaturally acute eyesight. (SInv)
You are carnivorous and can eat meat at any time.
You cover ground quickly.
You are covered in thick fur. (AC +2)
You have a slow metabolism.
Your sharp claws are effective at attacking unaware monsters.


Message History

The worker ant zombie closely misses you.
You scratch the worker ant zombie.
You destroy the worker ant zombie!
Menkaure gestures at you while chanting.
Pain shoots through your body!
You scratch Menkaure.
Menkaure is lightly damaged.
Menkaure hits you!
Ouch! That really hurt!
* * * LOW HITPOINT WARNING * * *
You are too injured to fight recklessly!
You are too injured to fight recklessly!
You are too injured to fight recklessly!
You are too injured to fight recklessly!
You are too injured to fight recklessly!
You scratch Menkaure.
Menkaure is moderately damaged.
Menkaure hits you!
Ouch! That really hurt!
You die...

........
...###......## #...<..
............# #......
#............
#..........#
#..........# #..
#........# #....
##.>..M...## #....#
#....@.....##.....
#..............?##.
#........./........
#..........).....#
#..............#. #
##........#..#####.#..
##......##..##......#
####<.#.......#
##.##.......#


You could see Menkaure.

Vanquished Creatures
  A necrophage (D:7)
  4 bullfrogs
  2 scorpions (D:7)
  3 crimson imps
  2 hounds
  An orc wizard (D:5)
  4 worker ants
  A hound zombie (D:5)
  A worker ant zombie (D:7)
  15 gnolls
  6 adders
  A shadow imp (D:5)
  An adder skeleton (D:7)
  2 worms
  2 dart slugs
  2 leopard geckos
  5 orcs
  5 giant cockroaches
  11 goblins
  8 hobgoblins
  9 jackals
  7 kobolds
  2 ball pythons
  6 bats
  4 frilled lizards
  A jackal skeleton (D:5)
  A leopard gecko skeleton (D:6)
  8 rats
115 creatures vanquished.

Notes
Turn   | Place    | Note
-------+----------+-------------------------------------------
     0 | D:1      | Lanoc the Felid Monk began the quest for the Orb.
     0 | D:1      | Reached XP level 1. HP: 10/10 MP: 2/2
    76 | D:1      | Reached XP level 2. HP: 14/14 MP: 3/3
   747 | D:1      | Reached XP level 3. HP: 17/17 MP: 4/4
  1087 | D:2      | Found a radiant altar of Vehumet.
  1150 | D:2      | Found a deep blue altar of Sif Muna.
  1215 | D:2      | Found an opulent altar of Gozag.
  1346 | D:2      | Found a burning altar of Makhleb.
  1358 | D:2      | Found an iron altar of Okawaru.
  1483 | D:2      | Found a shimmering altar of Xom.
  1552 | D:2      | Reached XP level 4. HP: 21/21 MP: 5/5
  1651 | D:3      | Reached skill level 5 in Dodging
  1711 | D:3      | Reached XP level 5. HP: 12/25 MP: 6/6
  2155 | D:3      | Found a shattered altar of Ashenzari.
  2845 | D:4      | Noticed an ogre
  2898 | D:4      | Reached skill level 5 in Stealth
  2915 | D:4      | Gained mutation: You are covered in thick fur. (AC +2)
                  | [Felid growth]
  2915 | D:4      | Reached XP level 6. HP: 11/28 MP: 7/7
  3077 | D:5      | Entered Level 5 of the Dungeon
  3345 | D:5      | Found Uquatz's Food Shoppe.
  3907 | D:5      | Found a stormy altar of Qazlal.
  4356 | D:4      | Found an ornate altar of the Wu Jian Council.
  4397 | D:4      | You fall through a shaft!
  4543 | D:4      | Found a glowing golden altar of the Shining One.
  4659 | D:5      | Reached XP level 7. HP: 22/33 MP: 8/8
  5285 | D:6      | Found a hide-covered altar of Uskayaw.
  5314 | D:6      | Killed from afar by an orc priest
  5315 | D:6      | Reached XP level 6. HP: -3/30 MP: 16/16
  5342 | D:7      | Reached skill level 5 in Fighting
  5342 | D:7      | Reached skill level 5 in Unarmed Combat
  5433 | D:7      | Reached XP level 7. HP: 27/32 MP: 8/8
  5447 | D:7      | Noticed Harold
  5478 | D:7      | Slain by Harold
  5479 | D:7      | Reached XP level 6. HP: -5/30 MP: 16/16
  5522 | D:7      | Noticed Menkaure
  5534 | D:7      | Mangled by Menkaure

Vault maps used:
D:1:      dpeg_arrival_tiny_h
D:2:      bloody_makhleb, lemuel_doored_altar, lemuel_round_altar,
          lemuel_round_altar, lemuel_blue_sif_altar, okawaru_trees_2
D:3:      first_ration, cheibrodos_ashenzari_chains
D:4:      lemuel_castle_with_subvaults, kennysheep_mini,
          nicolae_overflow_hidden_temple, trog_hazing_becter
D:5:      lemuel_round_altar, serial_shops, nicolae_shop_trees
D:6:      lemuel_crystal_altar
D:7:      slow_altar_2, minmay_temple_entry_steel_oval, uniq_menkaure,
          uniq_harold

Skill      XL: |  1  2  3  4  5  6  7 |
---------------+----------------------+-----
Stealth        | 3 4 5 7 |  7.2
Dodging        | 5 6 7 |  7.4
Unarmed Combat | 4 5 |  5.5
Fighting       | 4 5 |  5.5

Action                   |  1- 3 |  4- 6 |  7- 9 || total
-------------------------+-------+-------+-------++-------
Melee: Unarmed           |    86 |   345 |    75 ||   506
       Bite              |     3 |    34 |    14 ||    51
       Punch             |       |    10 |     2 ||    12
  Use: Potion            |     2 |       |     3 ||     5
 Stab: Sleeping          |    16 |     8 |     2 ||    26
       Distracted        |       |     1 |       ||     1
  Eat: Chunk             |     8 |     9 |     1 ||    18
Armor: Skin              |     3 |    35 |     6 ||    44
Dodge: Dodged            |    51 |   394 |    78 ||   523

Table legend:
 A = Non-vault XP
 B = Vault XP
 C = Vault XP percentage of total XP
 D = Non-vault monster count
 E = Vault monster count
 F = Vault count percentage of total count
                 A         B        C        D         E       F
            +---------+---------+-------+---------+---------+-------
      Total |    1474 |      38 |   2.5 |     109 |       6 |   5.2
            +---------+---------+-------+---------+---------+-------
        D:1 |      43 |       0 |   0.0 |      24 |       0 |   0.0
        D:2 |      60 |       0 |   0.0 |      15 |       0 |   0.0
        D:3 |     230 |       0 |   0.0 |      33 |       0 |   0.0
        D:4 |      48 |      19 |  28.4 |       3 |       3 |  50.0
        D:5 |     416 |      19 |   4.4 |      19 |       3 |  13.6
        D:6 |      45 |       0 |   0.0 |       5 |       0 |   0.0
        D:7 |     632 |       0 |   0.0 |      10 |       0 |   0.0
            +---------+---------+-------+---------+---------+-------
